 Dungeon Crawl Stone Soup version 0.30-a0-1066-g63dfefce0d (webtiles) character file.

Game seed: 1620408159994226895

1004 cforsyth the Caller (level 8, 0/46 HPs)
             Began as an Octopode Summoner on Apr 12, 2023.
             Was an Initiate of Gozag.
             Slain by an ogre
             ... wielding a +0 giant club
              (23 damage)
             ... on level 5 of the Dungeon.
             The game lasted 00:09:36 (4894 turns).

cforsyth the Caller (Octopode Summoner)             Turns: 4894, Time: 00:09:36

Health: 0/46       AC:  1    Str:  7    XL:     8   Next: 20%
Magic:  15/26      EV: 13    Int: 19    God:    Gozag
Gold:   477        SH:  0    Dex: 19    Spells: 4/19 levels left

rFire   . . .      SeeInvis .    (no weapon)
rCold   . . .      Faith    .    (no shield)
rNeg    . . .      Spirit   .    (helmet restricted)
rPois   .          Reflect  .    (no amulet)
rElec   .          Rampage  .    i - ring of magical power
rCorr   .                        g - +6 ring of dexterity
Will    .....                    (no ring)
Stlth   +++                      (no ring)
HPRegen 0.27/turn                (no ring)
MPRegen 0.20/turn                (no ring)
                                 (no ring)
                                 (no ring)

@: lethally poisoned (0 -> -12), very slightly contaminated, slowed, very slow
A: almost no armour, amphibious, 8 rings, camouflage 1, gelatinous body 1,
(nimble swimmer 1), tentacles
a: Renounce Religion, Potion Petition, Call Merchant, Bribe Branch


You were on level 5 of the Dungeon.
You worshipped Gozag.
Gozag was aware of your devotion.
You visited 1 branch of the dungeon, and saw 5 of its levels.

You collected 536 gold pieces.
You paid 59 gold pieces to Gozag.

Inventory:

Jewellery
 g - a +6 ring of dexterity (right tentacle)
 i - a ring of magical power (left tentacle)
Wands
 t - a wand of charming (2)
Scrolls
 c - 2 scrolls of immolation {unknown}
 d - a scroll of noise {unknown}
 k - 2 scrolls of teleportation {unknown}
 m - 2 scrolls of enchant weapon {unknown}
 o - a scroll of silence {unknown}
 p - 2 scrolls of vulnerability {unknown}
 r - a scroll of blinking {unknown}
 s - 2 scrolls of identify {unknown}
Potions
 a - a potion of magic
 b - a potion of curing {unknown}
 e - a potion of degeneration {unknown}
 f - 3 potions of brilliance
 h - 3 potions of heal wounds
 j - a potion of haste {unknown}
 l - 2 potions of flight {unknown}
 n - 2 potions of lignification {unknown}
 q - a potion of attraction {unknown}


   Skills:
 - Level 2.0 Dodging
 - Level 2.6 Stealth
 + Level 6.2 Spellcasting
 + Level 7.7 Summonings


You had 4 spell levels left.
You knew the following spells:

 Your Spells              Type           Power      Damage    Failure   Level
a - Summon Small Mammal   Summ           100%       N/A       1%          1
b - Call Imp              Summ           70%        N/A       1%          2
c - Call Canine Familiar  Summ           35%        N/A       1%          3
d - Summon Guardian Gole  Hex/Summ       20%        N/A       7%          3
e - Summon Lightning Spi  Summ/Air       20%        N/A       22%         4
k - Blink                 Tloc           10%        N/A       17%         2

Your spell library contained the following spells:

 Spells                   Type           Power      Damage    Failure   Level
 Sublimation of Blood     Necr           5%         N/A       17%         2
 Inner Flame              Hex/Fire       5%         N/A       32%         3
 Vhi's Electric Charge    Tloc/Air       10%        N/A       32%         3
 Flame Wave               Conj/Fire      5%         2d5       73%         4
 Manifold Assault         Tloc           5%         N/A       73%         4
 Petrify                  Tmut/Erth      5%         N/A       73%         4
 Sticky Flame             Conj/Fire      5%         2d3       73%         4
 Arcjolt                  Conj/Air       2%         1d12      97%         5
 Irradiate                Conj/Tmut      2%         3d12      97%         5
 Haunt                    Necr/Summ      10%        N/A       100%        7
 Storm Form               Tmut/Air       2%         N/A       100%        7
 Infestation              Necr           2%         N/A       100%        8
 Maxwell's Capacitive Co  Air            2%         ∞         100%        8
 Chain Lightning          Conj/Air       2%         3d3       100%        9
 Fire Storm               Conj/Fire      2%         8d1       100%        9
 Shatter                  Erth           2%         3d6*      100%        9
 Animate Dead             Necr           Unusable   N/A       N/A         4

Dungeon Overview and Level Annotations

Branches:
Dungeon (5/15)             Temple (0/1) D:5

Altars:
Cheibriados
Gozag
Kikubaaqudgha
Vehumet

Shops:
D:4 [

Annotations:
D:3 3 runed translucent doors, BlueFalcon's ghost, amateur DrCj; kitsune's ghost, amateur NaMo; superbruh's ghost, amateur DrBe


Innate Abilities, Weirdness & Mutations

You cannot wear most types of armour.
You are amphibious.
You can wear up to eight rings at the same time.
Your skin changes colour to match your surroundings (Stealth+).
Your rubbery body absorbs attacks. (AC +1, EV +1)
((You are camouflaged when in or above water. (Stealth+)))
You have tentacles for arms and can constrict up to eight enemies at once.


Message History

You feel very sick.
Your hound bites the kobold brigand.
Your cerulean imp hits the kobold brigand with a -1 spear.
A kobold comes into view. It is wielding a +0 short sword.
The kobold brigand throws a poisoned dart.
The poisoned dart hits your cerulean imp.
Your hound bites the kobold brigand but does no damage.
Your cerulean imp hits the kobold brigand with a -1 spear.
Casting: Summon Guardian Golem (dangerous; 7% risk of failure)
Confirm with . or Enter, or press ? or * to list all spells.
The spell is quite dangerous to miscast (22% risk of failure)!
Continue anyway? [Y]es or [N]o only, please.
The spell is quite dangerous to miscast (22% risk of failure)!
Continue anyway?
You miscast Summon Lightning Spire.
You are very lightly contaminated with residual magic.
Nothing appears to happen.
You feel very sick.
Your hound bites the kobold brigand.
The kobold brigand throws a poisoned dart.
The poisoned dart misses your cerulean imp.
The poisoned dart hits you!
You are more poisoned.
Your cerulean imp closely misses the kobold brigand.
Your hound barely misses the kobold brigand.
The kobold brigand hits your cerulean imp with a +0 whip.
The ogre hits you with a +0 giant club.
Casting: Summon Lightning Spire (quite dangerous; 22% risk of failure)
Confirm with . or Enter, or press ? or * to list all spells.
The spell is quite dangerous to miscast (22% risk of failure)!
Continue anyway?
An electric hum fills the air.
You feel very sick.
Your hound bites the kobold brigand.
Your cerulean imp hits the kobold brigand with a -1 spear.
Your hound closely misses the kobold brigand.
The kobold brigand closely misses your cerulean imp.
Your cerulean imp hits the kobold brigand with a -1 spear.
The ogre hits you with a +0 giant club!!
Ouch! That really hurt!
You die...
Your body crumbles into a pile of gold.

#.#.#
#....###...##.###.#)##
#.#.###.####
###.##.........
#.......# #.######.####
###.##### #.# ###
#......# ### #..###.#
#### ######..###.# ###
.....
............###9##...$..
#.#####.###....@OK.K....
#.# #.##..K.K..... #.#
#.###.8.5....# #.# ...
#.##.K...# #.##... ).#
#h..[# #.##...##.# #####
#.#######.# #.#


You could see 3 kobold brigands, an ogre (ally target), 2 kobolds, a friendly
guardian golem (summoned), a friendly lightning spire (summoned, sheltered), a
friendly hound (summoned, sheltered) and a friendly cerulean imp (summoned,
sheltered).

Vanquished Creatures
  Eustachio (D:4)
  An adder (D:3)
  3 endoplasms
  A giant cockroach (D:1)
  5 goblins
  3 hobgoblins
  A jackal (D:3)
  5 quokkas
  A bat (D:1)
  3 kobolds
  4 rats
28 creatures vanquished.

Vanquished Creatures (collateral kills)
  2 ogres (D:5)
  2 black bears (D:4)
  2 phantoms
  2 iguanas
  A gnoll (D:1)
  7 adders
  A white imp (D:4)
  2 worms
  3 dart slugs
  4 orcs
  6 ball pythons
  3 endoplasms
  A giant cockroach (D:2)
  5 goblins
  2 hobgoblins
  5 jackals (D:3)
  2 quokkas
  9 bats
  5 frilled lizards
  2 kobolds
  2 rats
68 creatures vanquished.

Vanquished Creatures (others)
  Pargi (D:4)
  Ijyb (D:5)
  2 plants (D:4)
  9 toadstools (D:5)
13 creatures vanquished.

Grand Total: 109 creatures vanquished

Notes
Turn   | Place    | Note
-------+----------+-------------------------------------------
     0 | D:1      | cforsyth the Octopode Summoner began the quest for the Orb.
     0 | D:1      | Reached XP level 1. HP: 11/11 MP: 3/3
   196 | D:1      | Reached XP level 2. HP: 15/17 MP: 1/5
   637 | D:1      | Reached XP level 3. HP: 3/21 MP: 2/6
  1224 | D:2      | Found a faded altar of an unknown god.
  1431 | D:2      | Learned a level 2 spell: Call Imp
  1435 | D:2      | Learned a level 3 spell: Call Canine Familiar
  1806 | D:2      | Reached XP level 4. HP: 27/27 MP: 8/8
  2015 | D:2      | You fall into a shaft and drop 2 floors!
  2311 | D:3      | Reached skill level 5 in Summonings
  2559 | D:3      | Found an opulent altar of Gozag.
  2567 | D:3      | Became a worshipper of Gozag Ym Sagoz the Greedy
  2814 | D:3      | Found a runed translucent gate.
  2832 | D:3      | Found a runed translucent gate.
  2832 | D:3      | Found a runed translucent gate.
  2833 | D:3      | Noticed kitsune's ghost (amateur NaMo)
  2834 | D:3      | Noticed BlueFalcon's ghost (amateur DrCj)
  2834 | D:3      | Noticed superbruh's ghost (amateur DrBe)
  2851 | D:3      | Reached XP level 5. HP: 31/31 MP: 10/10
  2861 | D:3      | Learned a level 3 spell: Summon Guardian Golem
  3139 | D:3      | Found a snail-covered altar of Cheibriados.
  3322 | D:4      | Found a radiant altar of Vehumet.
  3408 | D:4      | Noticed Pargi
  3426 | D:4      | Killed Pargi
  3427 | D:4      | Reached XP level 6. HP: 36/36 MP: 12/12
  3436 | D:4      | Noticed a black bear
  3447 | D:4      | Killed a black bear
  3448 | D:4      | Reached skill level 6 in Summonings
  3540 | D:4      | Noticed Eustachio
  3601 | D:4      | Killed Eustachio
  3602 | D:4      | Reached skill level 5 in Spellcasting
  3602 | D:4      | Reached XP level 7. HP: 22/41 MP: 10/14
  3743 | D:4      | Found an ancient bone altar of Kikubaaqudgha.
  3800 | D:4      | Found Ughyoniu's Armour Emporium.
  4139 | D:4      | Reached skill level 7 in Summonings
  4206 | D:5      | Entered Level 5 of the Dungeon
  4277 | D:5      | Found a staircase to the Ecumenical Temple.
  4296 | D:5      | Learned a level 4 spell: Summon Lightning Spire
  4299 | D:5      | Learned a level 2 spell: Blink
  4405 | D:5      | Reached XP level 8. HP: 16/46 MP: 17/17
  4524 | D:5      | Noticed Ijyb
  4560 | D:5      | Killed Ijyb
  4894 | D:5      | Slain by an ogre

Illustrated notes

Levels and vault maps discovered:
D:1:      evilmike_arrival_hilbert_curve, layout_basic
D:2:      layout_loops_ring, basic_ecumenical_altar, minmay_small_reverse_x
D:3:      layout_loops_cross, chei_slow_surprise, lemuel_crystal_altar,
          gammafunk_ghost_cemetery
D:4:      layout_rooms, mainiacjoe_overflow_alcove_2,
          mainiacjoe_overflow_boulevard, serial_shops, shop, minivault_19,
          st_stairs_6, kennysheep_generic_room_11, uniq_pargi, uniq_eustachio
D:5:      cheibrodos_fertilizer, layout_loops_ring, minmay_temple_entry_wispy,
          uniq_ijyb

Skill      XL: |  1  2  3  4  5  6  7 |
---------------+----------------------+-----
Spellcasting   | 3 4 5 6 |  6.2
Summonings     | 5 6 7 |  7.7
Dodging        | |  2.0
Stealth        | |  2.6

Action                     |  1- 3 |  4- 6 |  7- 9 || total
---------------------------+-------+-------+-------++-------
  Melee: Unarmed           |    72 |    35 |    16 ||   123
         Constrict         |    20 |    14 |       ||    34
         Tentacles         |    18 |     9 |     5 ||    32
         Punch             |       |       |     2 ||     2
   Cast: Summon Small Mamm |    38 |    11 |       ||    49
         Call Imp          |     4 |    15 |     9 ||    28
         Call Canine Famil |     2 |    15 |    10 ||    27
         Summon Guardian G |       |     2 |     7 ||     9
         Summon Lightning  |       |       |     2 ||     2
    Use: Potion            |       |     2 |       ||     2
   Stab: Sleeping          |     4 |     3 |       ||     7
         Distracted        |       |     1 |       ||     1
 Armour: Skin              |    14 |     7 |     3 ||    24
  Dodge: Dodged            |    68 |    47 |    12 ||   127

Table legend: (Time is in decaauts)
 A = Elapsed time spent in this place.
 B = Non-inter-level travel time spent in this place.
 C = Inter-level travel time spent in this place.
 D = Time resting spent in this place.
 E = Time spent auto-exploring this place.
 F = Levels seen in this place.
 G = Mean time per level.
                   A        B        C        D        E       F      G
               +--------+--------+--------+--------+--------+-----+--------+
         Total |   4893 |   4825 |     68 |      9 |   3758 |   5 |  978.6 |
       Dungeon |   4893 |   4825 |     68 |      9 |   3758 |   5 |  978.6 |
               +--------+--------+--------+--------+--------+-----+--------+

Top non-repeatable levels by time:
     D:1: 1172 daAuts
     D:2: 1100 daAuts
     D:3: 1046 daAuts
     D:4: 886 daAuts
     D:5: 688 daAuts
